AoeStats
← Jayhawk5617

African Clearing

510538535Analyzed
2v2 RM · 1d ago on Oct 1, 2026· 34m 25s· 4 players
Game mode
Random Map
Map size
Medium (4 player)
Population
200
Speed
Normal
Resources
Standard
Victory
Conquest
Starting age
Dark Age
Ending age
Imperial Age
RankedLock teamsTeams togetherTeam positionsShared explorationLock speedFull tech treeHidden civsTurbo modeCheats
Victory
Defeat
1059
+12
1056
+12
🇺🇸 Cumans · United States
1006
-14
🇺🇸 Franks · United States
915
-10
Jayhawk5617
6:27 Loom
12:16 Feudal Age
13:02 Double-Bit Axe
21:39 Fletching
dollarstoresrock
5:44 Loom
14:35 Feudal Age
19:16 Bloodlines
21:54 Castle Age
20:13 Forging
20:57 Scale Barding Armor
25:21 Iron Casting
WØL | King Levi the First
10:53 Loom
13:29 Feudal Age
15:03 Double-Bit Axe
17:41 Town Watch
18:36 Fletching
21:42 Wheelbarrow
23:38 Castle Age
23:43 Gold Mining
23:37 Horse Collar
24:38 Padded Archer Armor
25:15 Bodkin Arrow
25:27 Crossbowman
26:24 Bow Saw
30:16 Heavy Plow
32:18 Ballistics
32:16 Leather Archer Armor
WØL | Sir Luis the Third
6:51 Loom
13:31 Feudal Age
14:59 Double-Bit Axe
21:07 Castle Age
19:38 Scale Barding Armor
19:47 Bloodlines
21:37 Forging
28:36 Chain Barding Armor
Connection lost

Rejoining the realm…

Still unreachable

The connection could not be restored.

Session expired

The server has moved on; the page needs a fresh start.